 Dungeon Crawl Stone Soup version 0.31-a0-523-g071a6c1ffa (webtiles) character file.

Game seed: 5661027598069831821

632 javelincjr the Sneak (level 7, -6/41 HPs)
             Began as an Octopode Conjurer on Aug 11, 2023.
             Mangled by Duvessa
             ... wielding a +0 rapier
              (11 damage)
             ... on level 4 of the Dungeon.
             The game lasted 00:10:14 (3685 turns).

javelincjr the Sneak (Octopode Conjurer)            Turns: 3685, Time: 00:10:14

Health: -6/41      AC:  1    Str:  7    XL:     7   Next: 49%
Magic:  3/13       EV: 14    Int: 22    God:
Gold:   224        SH:  0    Dex: 10    Spells: 10/14 levels left

rFire   + . .        i - +2 spear (venom)
rCold   x . .        (no shield)
rNeg    + . .        (helmet restricted)
rPois   .            (no amulet)
rElec   .            j - ring of fire
rCorr   .            p - ring of positive energy
SInv    .            (no ring)
Will    .....        (no ring)
Stlth   ++++         (no ring)
HPRegen 0.26/turn    (no ring)
MPRegen 0.13/turn    (no ring)
                     (no ring)

%: no passive effects
@: very slightly contaminated
A: almost no armour, amphibious, 8 rings, camouflage 1, gelatinous body 1,
(nimble swimmer 1), tentacles
a: no special abilities


You were on level 4 of the Dungeon.
You visited 1 branch of the dungeon, and saw 4 of its levels.

You collected 224 gold pieces.

Inventory:

Hand Weapons
 d - a +0 short sword
 i - a +2 spear of venom (weapon)
Missiles
 q - 2 throwing nets
 r - 5 poisoned darts
Jewellery
 j - a ring of fire (left tentacle)
 l - an amulet of guardian spirit
 p - a ring of positive energy (right tentacle)
Scrolls
 c - a scroll of identify {unknown}
 f - a scroll of teleportation {unknown}
 h - a scroll of blinking {unknown}
 k - a scroll of amnesia {unknown}
 n - a scroll of enchant armour {unknown}
 o - a scroll of brand weapon {unknown}
 s - a scroll of poison {unknown}
 t - a scroll of enchant weapon {unknown}
 v - a scroll of butterflies {unknown}
Potions
 a - a potion of magic
 b - 3 potions of curing {unknown}
 e - a potion of enlightenment {unknown}
 g - a potion of invisibility {unknown}
 u - a potion of cancellation {unknown}


   Skills:
 + Level 4.2 Dodging
 + Level 6.0 Stealth
 * Level 4.3 Spellcasting
 + Level 5.5 Conjurations


You had 10 spell levels left.
You knew the following spells:

 Your Spells              Type           Power      Damage    Failure   Level
a - Magic Dart            Conj           100%       1d8       1%          1
b - Searing Ray           Conj           56%        2d6       1%          2
c - Foxfire               Conj/Fire      100%       2x1d9     3%          1

Your spell library contained the following spells:

 Spells                   Type           Power      Damage    Failure   Level
 Apportation              Tloc           8%         N/A       11%         1
 Dazzling Flash           Conj/Hex       32%        N/A       11%         3
 Summon Guardian Golem    Hex/Summ       4%         N/A       32%         3
 Fulminant Prism          Conj/Hex       8%         3d7       34%         4
 Iskenderun's Mystic Bla  Conj/Tloc      16%        2d5       34%         4
 Alistair's Intoxication  Tmut/Pois      2%         N/A       96%         5
 Starburst                Conj/Fire      12%        6d5       99%         6
 Plasma Beam              Fire/Air       3%         2x1d13    100%        6
 Orb of Destruction       Conj           14%        9d7       100%        7
 Spellforged Servitor     Conj/Summ      8%         N/A       100%        7


Dungeon Overview and Level Annotations

Branches:
Dungeon (4/15)
 Temple: D:4-7

Altars:
Dithmenos
Gozag
Kikubaaqudgha

Shops:
D:1 [   D:3 [

Annotations:
D:3 2 transporters, GoodGuyCap's ghost, amateur OpSh
D:4 Duvessa


Innate Abilities, Weirdness & Mutations

You cannot wear most types of armour.
You are amphibious.
You can wear up to eight rings at the same time.
Your skin changes colour to match your surroundings (Stealth+).
Your rubbery body absorbs attacks. (AC +1, EV +1)
((You are camouflaged when in or above water. (Stealth+)))
You have tentacles for arms and can constrict up to eight enemies at once.


Message History

The foxfire hits Duvessa but does no damage.
Duvessa is lightly wounded.
The foxfire hits Duvessa!
Duvessa is moderately wounded.
Duvessa completely misses you.
You feel a surge of power!
You conjure some foxfire!
The foxfire hits Duvessa.
Duvessa is moderately wounded.
The foxfire hits Duvessa but does no damage.
Duvessa is moderately wounded.
Duvessa hits you with a +0 rapier. Duvessa hits you with a +0 rapier!
You feel a surge of power!
You miscast Foxfire.
You are very lightly contaminated with residual magic.
Nothing appears to happen.
The foxfire hits Duvessa but does no damage.
Duvessa is moderately wounded.
The foxfire hits Duvessa.
Duvessa is moderately wounded.
Duvessa misses you.
You feel a surge of power!
You conjure some foxfire!
Duvessa barely misses you. Duvessa misses you.
You feel a surge of power!
You conjure some foxfire!
The foxfire hits Duvessa.
Duvessa is moderately wounded.
The foxfire hits Duvessa but does no damage.
Duvessa is moderately wounded.
Duvessa barely misses you.
You feel a surge of power!
You conjure some foxfire!
The foxfire hits Duvessa.
Duvessa is heavily wounded.
The foxfire hits Duvessa but does no damage.
Duvessa is heavily wounded.
Duvessa barely misses you. Duvessa hits you with a +0 rapier!
* * * LOW HITPOINT WARNING * * *
As you read the scroll labelled GUBBUI SUISO, it crumbles to dust.
You hear a loud clanging noise!
It was a scroll of noise.
The foxfire hits Duvessa but does no damage.
Duvessa is heavily wounded.
The foxfire hits Duvessa!
Duvessa is heavily wounded.
Duvessa hits you with a +0 rapier!
You die...

........####..................# #
........'........########.......+
........####...#.# #⌠8⌠#....####
.......## #.....# +...#.#.## #
#.....## #.###.# #.e.#.###
##...## #.##..# +...#.# ##'##
#.##..# ...#.# #.#
######.##§.#####'##.# #.#
#...##.##§@e).......#
###.###...##...§...#####.##
......(.....###.#### #
#...............#
##..........##### ##.###...###
#.# #...# #.# ##### #.#


You could see Duvessa (berserk).

Vanquished Creatures
  Sigmund (D:2)
  Menkaure (D:4)
  Dowan (D:4)
  A howler monkey (D:4)
  An orc priest (D:3)
  An orc wizard (D:3)
  2 sleepcaps
  4 gnolls (D:3)
  3 adders
  2 dart slugs (D:2)
  10 orcs
  2 ball pythons
  5 endoplasms
  A giant cockroach (D:1)
  8 goblins
  5 hobgoblins
  6 jackals
  2 quokkas
  7 bats
  9 frilled lizards
  5 kobolds
  7 rats
84 creatures vanquished.

Vanquished Creatures (others)
  43 foxfires (D:4)
43 creatures vanquished.

Grand Total: 127 creatures vanquished

Notes
Turn   | Place    | Note
-------+----------+-------------------------------------------
     0 | D:1      | javelincjr the Octopode Conjurer began the quest for the
                  | Orb.
     0 | D:1      | Reached XP level 1. HP: 11/11 MP: 3/3
   327 | D:1      | Reached skill level 3 in Stealth
   359 | D:1      | Reached XP level 2. HP: 17/17 MP: 3/5
   723 | D:1      | Found Iqeir's Armour Shoppe.
  1229 | D:1      | Reached XP level 3. HP: 11/21 MP: 1/6
  1628 | D:2      | Reached XP level 4. HP: 27/27 MP: 5/7
  1754 | D:2      | Noticed Sigmund
  1769 | D:2      | Killed Sigmund
  1770 | D:2      | Reached skill level 4 in Stealth
  1770 | D:2      | Reached XP level 5. HP: 12/31 MP: 1/9
  1969 | D:3      | Reached XP level 6. HP: 36/36 MP: 8/10
  2018 | D:3      | You fall into a shaft and drop 1 floor!
  2116 | D:3      | Reached skill level 5 in Stealth
  2241 | D:3      | Reached skill level 5 in Conjurations
  2502 | D:3      | Found Korou's Armour Shoppe.
  2656 | D:3      | Found an ancient bone altar of Kikubaaqudgha.
  2664 | D:3      | Learned a level 2 spell: Searing Ray
  2678 | D:3      | Found a shadowy altar of Dithmenos.
  2683 | D:3      | Found an opulent altar of Gozag.
  2875 | D:3      | Found a transporter.
  2930 | D:3      | Noticed GoodGuyCap's ghost (amateur OpSh)
  2936 | D:3      | Found a transporter.
  3257 | D:4      | Noticed Menkaure
  3263 | D:4      | Killed Menkaure
  3264 | D:4      | Reached XP level 7. HP: 13/41 MP: 3/13
  3383 | D:4      | Learned a level 1 spell: Foxfire
  3664 | D:4      | Noticed Duvessa
  3664 | D:4      | Noticed Dowan
  3675 | D:4      | Killed Dowan
  3676 | D:4      | Reached skill level 6 in Stealth
  3685 | D:4      | Mangled by Duvessa

Illustrated notes

Levels and vault maps discovered:
D:1:      lightli_arrival_flooded_house, layout_loops_corners, serial_shops,
          nicolae_shop_tiny_real_fake_doors, chequers_big_river,
          nicolae_concentric_dashed_squares_wild
D:2:      layout_rooms, chequers_mini_garden, uniq_sigmund
D:3:      layout_loops_ring, grunt_temple_overflow_diamond,
          gammafunk_ghost_mausoleum, serial_shops, shop,
          nicolae_figureground_sparkle
D:4:      dreamdust_elfheim, layout_loops_corners, portal_sewer_entry_d,
          uniq_menkaure

Skill      XL: |  1  2  3  4  5  6  7 |
---------------+----------------------+-----
Stealth        | 3 4 5 6 |  6.0
Dodging        | 3 4 |  4.2
Spellcasting   | 3 4 |  4.3
Conjurations   | 5 |  5.5

Action                     |  1- 3 |  4- 6 |  7- 9 || total
---------------------------+-------+-------+-------++-------
  Melee: Short sword       |    15 |       |       ||    15
         Constrict         |     6 |     4 |     2 ||    12
         Tentacles         |     3 |     4 |     2 ||     9
         Spear             |     6 |    19 |     5 ||    30
         Punch             |     1 |     2 |       ||     3
   Cast: Magic Dart        |    53 |    75 |     6 ||   134
         Searing Ray       |       |     5 |       ||     5
         Foxfire           |       |       |    23 ||    23
    Use: Scroll            |       |       |     1 ||     1
   Stab: Sleeping          |     1 |       |       ||     1
 Armour: Skin              |     2 |     1 |     1 ||     4
  Dodge: Dodged            |    33 |    15 |     9 ||    57

Table legend: (Time is in decaauts)
 A = Elapsed time spent in this place.
 B = Non-inter-level travel time spent in this place.
 C = Inter-level travel time spent in this place.
 D = Time resting spent in this place.
 E = Time spent auto-exploring this place.
 F = Levels seen in this place.
 G = Mean time per level.
                   A        B        C        D        E       F      G
               +--------+--------+--------+--------+--------+-----+--------+
         Total |   3686 |   3633 |     53 |    217 |   2834 |   4 |  921.5 |
       Dungeon |   3686 |   3633 |     53 |    217 |   2834 |   4 |  921.5 |
               +--------+--------+--------+--------+--------+-----+--------+

Top non-repeatable levels by time:
     D:3: 1273 daAuts
     D:1: 1262 daAuts
     D:2: 705 daAuts
     D:4: 445 daAuts
